 Dungeon Crawl Stone Soup version 0.32-a0-132-g2d33c3cfaf (webtiles) character file.

Game seed: 11999975754268889220

2 Bravepunisher the Ducker (level 1, 0/11 HPs)
             Began as a Spriggan Monk on Feb 9, 2024.
             Slain by a hobgoblin (3 damage)
             ... on level 4 of the Dungeon.
             The game lasted 00:01:13 (219 turns).

Bravepunisher the Ducker (Spriggan Monk)             Turns: 219, Time: 00:01:13

Health: 0/11       AC:  2    Str:  7    XL:     1   Next: 33%
Magic:  2/2        EV: 19    Int: 11    God:
Gold:   23         SH:  0    Dex: 17    Spells: 0/0 levels left

rFire   . . .        a - +0 short sword
rCold   . . .        (no shield)
rNeg    . . .        b - +0 robe
rPois   .            (helmet restricted)
rElec   .            (no cloak)
rCorr   .            (gloves unavailable)
SInv    +            (boots unavailable)
Will    .....        (no amulet)
Stlth   +            (no ring)
HPRegen 0.21/turn    (no ring)
MPRegen 0.08/turn

%: no passive effects
@: confused, very quick
A: very small, no large weapons, unfitting armour, see invisible, speed 3
a: no special abilities


You were on level 4 of the Dungeon.
You visited 1 branch of the dungeon, and saw 4 of its levels.

You collected 23 gold pieces.

Inventory:

Hand Weapons
 a - a +0 short sword (weapon)
Armour
 b - a +0 robe (worn)
Scrolls
 d - a scroll of revelation {unknown}
 e - a scroll of teleportation {unknown}
Potions
 c - a potion of ambrosia


   Skills:
 + Level 2.4 Fighting
 - Level 3.2 Short Blades
 * Level 4.2 Dodging


You couldn't memorise any spells.
You didn't know any spells.
Your spell library was empty.

Dungeon Overview and Level Annotations

Branches:
Dungeon (4/15)
 Temple: D:4-7

Altars:
Qazlal

Annotations:
D:4 Eustachio


Innate Abilities, Weirdness & Mutations

You are very small and have problems with some larger weapons.
You are too small for most types of armour.
You have supernaturally acute eyesight. (SInv)
You cover ground extremely quickly. (Speed+++)


Message History

Found a scroll labelled VIUG WUON XIM.
An orc comes into view. It is wielding a +0 dagger.
The orc barely misses you.
Found a crude plate armour.
You see here the +0 plate armour "Dohuk" {Int+3}.
Found a robe.
You see here a +0 robe.
Found a scroll labelled CIOCIA HIV POIVITO.
Found a spear.
You open the door.
Found a stormy altar of Qazlal.
There is an open door here.
There is a stormy altar of Qazlal here.
You close the door.
You open the door.
There is an open door here.
You close the door.
A ball python comes into view.
The ball python hisses angrily.
The ball python misses you. x2
You hit the ball python.
The ball python is heavily wounded.
The ball python bites you. The ball python barely misses you.
You hit the ball python.
You kill the ball python!
The hobgoblin closely misses you.
The orc wizard points at you and mumbles some strange words.
You are confused.
You hit the orc wizard but do no damage.
The hobgoblin hits you but does no damage.
The orc wizard gestures wildly while chanting.
The orc wizard flickers and vanishes for a moment.
You barely miss the orc wizard. The hobgoblin hits you.
The orc closely misses you. The orc wizard misses you.
You bump into the rock wall.
The hobgoblin misses you.
The orc wizard hits you with a +0 dagger.
The orc hits you with a +0 hand axe.
* * * LOW HITPOINT WARNING * * *
The hobgoblin hits you.
You die...

#..#...###.........#
?.#...[.##..........#
#.......##.# #o# #..#
####.......# #.# #.##
##....o.###'###.#
#####l...'_+...#
#oo#######.# #.g# ###
#.# #.@#######.#
#..........#
#.....###### #######


You could see an iguana, an orc wizard (invisible), 2 orcs and a hobgoblin.

Vanquished Creatures
  A ball python (D:4)
  An endoplasm (D:4)
2 creatures vanquished.

Notes
Turn   | Place    | Note
-------+----------+-------------------------------------------
     0 | D:1      | Bravepunisher the Spriggan Monk began the quest for the
                  | Orb.
     0 | D:1      | Reached XP level 1. HP: 11/11 MP: 2/2
   125 | D:4      | Noticed Eustachio
   138 | D:4      | Noticed an iguana
   140 | D:4      | Noticed an orc wizard
   168 | D:4      | Identified the +0 plate armour "Dohuk" {Int+3}
   185 | D:4      | Found a stormy altar of Qazlal.
   219 | D:4      | Slain by a hobgoblin

Illustrated notes

Levels and vault maps discovered:
D:1:      amcnicky_arrival_double_pillar, layout_loops_ring, minmay_box_of_dots
D:2:      layout_rooms
D:3:      layout_basic, nicolae_overflow_hidden_temple,
          chequers_temple_overflow_statue_of_worship, columned_hall_lemuel,
          palyth_stone_intersect, uniq_sigmund, uniq_grinder, uniq_terence
D:4:      layout_rooms, okawaru_gym_becter, lemuel_doored_altar, temple_doors_e,
          uniq_eustachio

Action                     || total
---------------------------++-------
  Melee: Short sword       ||     8
 Armour: Robe              ||     8
  Dodge: Dodged            ||     9

Table legend: (Time is in decaauts)
 A = Elapsed time spent in this place.
 B = Non-inter-level travel time spent in this place.
 C = Inter-level travel time spent in this place.
 D = Time resting spent in this place.
 E = Time spent auto-exploring this place.
 F = Levels seen in this place.
 G = Mean time per level.
                   A        B        C        D        E       F      G
               +--------+--------+--------+--------+--------+-----+--------+
         Total |    141 |    141 |      0 |      0 |      6 |   4 |   35.2 |
       Dungeon |    141 |    141 |      0 |      0 |      6 |   4 |   35.2 |
               +--------+--------+--------+--------+--------+-----+--------+

Top non-repeatable levels by time:
     D:4: 81 daAuts
     D:3: 37 daAuts
     D:1: 18 daAuts
     D:2: 4 daAuts
